[Event "8th Brazilian Open SESC Caioba 2024"]
[Site "Caioba"]
[Date "2024.06.27"]
[Round "6.2"]
[White "Delgado Ramirez, Neuris"]
[Black "Santiago, Yago De Moura"]
[Result "1-0"]
[ECO "C07"]
[WhiteElo "2487"]
[BlackElo "2462"]
[Annotator "TA"]
[PlyCount "75"]
[EventDate "2024.06.15"]
[EventCountry "BRA"]
[SourceTitle "playchess.com"]
[Source "ChessBase"]
[SourceQuality "1"]
[TimeControl "5400+30"]

1. e4 e6 2. d4 d5 3. Nd2 c5 4. exd5 Qxd5 5. Ngf3 cxd4 6. Bc4 Qd6 7. Ne4 {[%emt 0:00:12][%mdl 1024] Repels Nf6. White has compensation.} Qb4+ 8. Nfd2 Nh6 9. c3 {[%emt 0:01:53] The position is equal.} Qb6 10. Bb3 {[%emt 0:06:13] Threatens to win with Nc4.} Be7 $2 (10... Nf5 $11 {and Black is okay.}) 11. Nc4 $1 $18 Qd8 12. Bxh6 (12. Qxd4 Qxd4 13. cxd4 Nf5 $15) (12. cxd4 Nf5 $15) 12... gxh6 13. Qh5 $2 (13. Qxd4 Qxd4 14. cxd4 O-O $11) (13. cxd4 Bb4+ 14. Kf1 O-O $16) (13. Ncd6+ $18 {is more deadly.} Bxd6 14. Qxd4) 13... O-O 14. O-O-O (14. Qxh6 f5 $14) 14... Qd5 15. Qe2 (15. Qxh6 $2 Qxe4 $19) ({Better is} 15. Qg4+ Bg5+ 16. Ne3) 15... Qf5 (15... Nc6 $16) 16. Rxd4 (16. cxd4 $6 Rd8 $14) 16... Nc6 17. Rdd1 Kh8 18. g3 Qg6 19. Ned6 b5 20. Ne5 {[%emt 0:00:07] Active counter play!} (20. Nxb5 Qg5+ 21. Ne3 Qe5) 20... Nxe5 21. Qxe5+ Kg8 22. Qxb5 Rd8 (22... Bxd6 23. Rxd6 Qg5+ 24. Qxg5+ hxg5 25. Re1) (22... Qg5+ $142 23. f4 Qxb5 24. Nxb5 a5) 23. Bc2 Qg5+ {[%emt 0:00:00] [#]} 24. f4 $1 Qxb5 25. Nxb5 Bd7 26. Nd4 Rab8 27. Rhe1 $36 {[%emt 0:00:28][%mdl 2048] White is on the roll.} Rb7 28. Nf5 Bf8 29. Nd6 Rc7 30. Bb3 Rb8 {[%emt 0:00:00] [#]} (30... Bc6 $16 {keeps fighting.}) 31. f5 $1 Rb6 (31... exf5 32. Bxf7+) 32. Nc4 (32. Nxf7 Kxf7 33. Rxd7+ Rxd7 $18) 32... Rbb7 33. Ne5 {[%emt 0:00:33] And now f6 would win.} exf5 34. Bd5 (34. Nxf7 Rxb3 35. axb3 Kxf7 $17) 34... Rb5 {[%emt 0:04:35] Black is weak on the light squares} 35. Bc4 ({Weaker is} 35. Nxf7 Rxd5 36. Rxd5 Kxf7 $17) (35. Bxf7+ Kg7 36. Nxd7 (36. Rxd7 Rxe5 37. Bb3+ Rxd7 $18) 36... Kxf7 37. Nxf8 Kxf8 $18) 35... Rbb7 36. Ba6 {[%emt 0:00:03] White is winning.} ({Don't take} 36. Bxf7+ Kg7 37. Kc2 Bc8 $18) 36... Ba4 37. Rd4 ({Much less strong is} 37. Bxb7 Bxd1 38. Rxd1 Rxb7 $18) 37... Rb4 38. Bc4 {[%emt 0:00:04] Weighted Error Value: White=0.16 (very precise) /Black=0.34.  Loses game:     	---       	Black=1      Missed win:     	White=1     	---        Mistake:       	White=1     	Black=3      Inaccurate:     	White=1     	Black=2      OK:         	White=16    	Black=10     Best:        	White=5     	---        Strong:       	White=1     	---} 1-0

[Event "8th Brazilian Open SESC Caioba 2024"]
[Site "Caioba"]
[Date "2024.06.27"]
[Round "6.3"]
[White "Filgueiras, Nathan Felipe"]
[Black "Hernandez Guerrero, Gilberto"]
[Result "1-0"]
[ECO "B42"]
[WhiteElo "2294"]
[BlackElo "2506"]
[Annotator "TA"]
[PlyCount "89"]
[EventDate "2024.06.15"]
[EventCountry "BRA"]
[SourceTitle "playchess.com"]
[Source "ChessBase"]
[SourceQuality "1"]
[TimeControl "5400+30"]

1. e4 c5 2. Nf3 e6 3. d4 cxd4 4. Nxd4 a6 5. Bd3 Bc5 6. Nb3 Ba7 7. Qe2 Nc6 8. Be3 Nf6 9. Bxa7 Rxa7 10. Nc3 d6 11. g4 b5 12. g5 Nd7 13. Qe3 {[%emt 0:00:06] The position is equal.} Qb6 14. Qg3 (14. Qxb6 $11 Nxb6 15. O-O-O) 14... Nce5 $15 15. O-O-O b4 $1 16. Ne2 a5 $1 (16... Nxd3+ 17. Qxd3 Ke7 (17... Qxf2 18. Qxd6 Qb6 19. Qxb6 $14) 18. Rhe1 $11) 17. Kb1 O-O 18. f4 Nxd3 19. Qxd3 Ba6 20. Qd2 a4 (20... Rc8 $17 21. Rhe1 a4) 21. Nbc1 $1 Bb7 22. Ng3 d5 23. Qd4 Bc6 (23... Rc8 $5) 24. Qxb6 Nxb6 25. e5 d4 26. Rhe1 Rd8 27. Ne4 $1 a3 28. b3 Nd5 29. Ne2 (29. Rxd4 $2 Nc3+ 30. Nxc3 Rxd4 $19) 29... Rad7 (29... d3 $11 {keeps the balance.} 30. cxd3 (30. Rxd3 Bb5 $11) 30... Ne3) 30. Nd6 $1 $16 (30. Nxd4 $2 Nc3+ (30... Nxf4 31. Nd6 $15) 31. Nxc3 bxc3 $19 (31... Rxd4 $2 32. Rxd4 Rxd4 33. Rd1 $18)) (30. Rxd4 Bb5 31. Nc1 Ba6 $17) 30... Nc3+ 31. Nxc3 dxc3 32. Rd4 Rb8 33. Red1 (33. Re3 $16) 33... Kf8 (33... Bf3 $11 34. Re1 Rdd8) 34. Kc1 $14 Bd5 (34... f6 $14) 35. R1d3 ({Better is} 35. f5 $16) 35... f6 {[%emt 0:01:37] [#]} 36. Kd1 (36. gxf6 gxf6 37. Rg3 fxe5 38. fxe5 Rg7 39. Rf4+ Kg8 $17) (36. Rh3 $142 $1 Kg8 37. gxf6 gxf6 38. Ne4 Bxe4 39. Rxd7 fxe5 40. fxe5) 36... Ke7 {[%emt 0:04:21] [#]} (36... Kg8 $16) 37. Rh3 $1 $18 fxe5 38. fxe5 Rxd6 (38... Rf8 $2 39. Rxh7 (39. Rxb4 Rf2 $18) (39. Ke2 Rb8 $18) 39... Kd8 40. Ke2 $18 (40. Rxb4 Kc7 $18)) 39. exd6+ Kxd6 40. Rxh7 {[%emt 0:01:38] KRR-KRB} Rf8 $2 (40... e5 41. Rdh4 g6) 41. Rxb4 (41. Rxg7 Kc5 42. Rxd5+ exd5 $16) 41... Rf3 42. Ke2 {[%emt 0:01:13] Prevents Re3+. White is clearly winning.} Ke5 43. Rhh4 ({Don't do} 43. Rxg7 Rh3 44. Rf7 Rxh2+ 45. Rf2 Rh1 $18) 43... Rf5 44. Rh3 Rxg5 45. Rg3 {[%emt 0:01:49] Weighted Error Value: White=0.13 (very precise) /Black=0.26 (precise) .  Mistake:       	White=4     	Black=7      Inaccurate:     	White=3     	Black=3      OK:         	White=12    	Black=13     Best:        	White=2     	---        Strong:       	White=4     	Black=2} ({Not} 45. Rxc3 Rg2+ 46. Kf1 Rxh2 $18) 1-0

[Event "8th Brazilian Open SESC Caioba 2024"]
[Site "Caioba"]
[Date "2024.06.27"]
[Round "6.4"]
[White "Pinero Rodriguez, Carlos Jose"]
[Black "Barbosa, Evandro Amorim"]
[Result "0-1"]
[ECO "B67"]
[WhiteElo "2284"]
[BlackElo "2491"]
[Annotator "TA"]
[PlyCount "44"]
[EventDate "2024.06.15"]
[EventCountry "BRA"]
[SourceTitle "playchess.com"]
[Source "ChessBase"]
[SourceQuality "1"]
[TimeControl "5400+30"]

1. e4 c5 2. Nf3 d6 3. d4 cxd4 4. Nxd4 Nf6 5. Nc3 Nc6 6. Bg5 Bd7 7. Qd2 a6 8. O-O-O e6 9. Kb1 Be7 10. f3 Nxd4 11. Qxd4 Qc7 12. Bc4 b5 {[%emt 0:02:39] The position is equal.} 13. Bb3 Rb8 (13... a5 $1 $15 14. a3 b4 15. axb4 axb4 16. Qxb4 O-O) 14. Rhe1 {[%emt 0:08:42] [#]} (14. f4 $11 {keeps the balance.} h6 15. Bh4) 14... a5 $1 $17 {[%emt 0:16:48] ...a4 would now be deadly.} 15. Nd5 $2 exd5 $19 16. exd5 Kf8 17. a4 $2 (17. a3 {might work better.}) 17... bxa4 {[%emt 0:03:48] Black is clearly winning.} 18. Rxe7 (18. Bc4 $142) 18... axb3 19. Bxf6 bxc2+ 20. Kc1 cxd1=Q+ 21. Kxd1 Rg8 22. Bg5 Re8 {[%emt 0:31:47] White did not feel at home in the position after the opening.   Weighted Error Value: White=1.64/Black=1.10.  Loses game:     	White=1     	---        Mistake:       	White=3     	Black=1      Inaccurate:     	White=3     	---        OK:         	---       	Black=3      Best:        	---       	Black=2      Strong:       	---       	Black=1} 0-1

[Event "8th Brazilian Open SESC Caioba 2024"]
[Site "Caioba"]
[Date "2024.06.27"]
[Round "6.5"]
[White "Di Berardino, Diego Rafael"]
[Black "Lujan, Carolina"]
[Result "1/2-1/2"]
[ECO "D85"]
[WhiteElo "2473"]
[BlackElo "2269"]
[Annotator "TA"]
[PlyCount "118"]
[EventDate "2024.06.15"]
[EventCountry "BRA"]
[SourceTitle "playchess.com"]
[Source "ChessBase"]
[SourceQuality "1"]
[TimeControl "5400+30"]

1. d4 Nf6 2. c4 g6 3. Nc3 d5 4. cxd5 Nxd5 5. e4 Nxc3 6. bxc3 Bg7 7. Nf3 c5 8. Bb5+ Nc6 9. O-O cxd4 10. cxd4 O-O 11. Bxc6 bxc6 12. Qc2 Qd6 13. a4 Bg4 14. Ba3 Qf4 15. Ne5 Bxe5 16. dxe5 Qxe5 17. h3 Be6 18. f4 (18. Bxe7 $14 Bc4 19. Bxf8 (19. Qxc4 Qxe7 20. Qxc6 Rac8 $14) 19... Bxf1 20. Rxf1 Rxf8 21. Qxc6) 18... Qd4+ $11 19. Kh2 Rab8 20. Bxe7 (20. Qxc6 $2 Rfc8 21. Qa6 Rc2 $19 (21... Qxe4 22. Rae1 $11)) 20... Rb2 21. Bc5 (21. Qxc6 Qd2 22. Rg1 Qxf4+ 23. Kh1 Rc8 $19) 21... Rxc2 22. Bxd4 Rd8 23. Bf6 Rdd2 24. Rg1 Kf8 (24... Bb3 $11) 25. Rab1 $16 Ke8 (25... Bd7 $142) 26. Rb7 $1 $16 (26. Rb8+ Kd7 $16) 26... a6 27. Re7+ $1 Kf8 28. Ra7 Ke8 29. Rxa6 (29. f5 $1 $16 Ba2 (29... gxf5 $2 30. Kh1 $18) 30. Kg3 (30. Rxa6 gxf5 31. a5 Kd7 $14)) 29... Kd7 $14 30. Ra7+ Kc8 31. Be5 Rd3 $2 {[%emt 0:03:14][%mdl 8192] [#]} ({Black should try} 31... Rd7 $14 32. Rxd7 Kxd7) 32. f5 $2 (32. Rb1 $1 $18 Bb3 33. h4) 32... gxf5 (32... Ba2 $16 33. a5 Rd7 34. Rxd7 Kxd7) 33. Rb1 $18 Bb3 34. exf5 c5 (34... Re2 $142 35. Re7 c5) 35. Bf4 Rc4 (35... Re2 $142 36. Rc1 c4 37. Rxf7 Rd4) 36. Bg3 $2 (36. Re1 $18 {is the precise move to win. Re8+ would kill now.} Rxf4 37. Re8+ Rd8 38. Ra8+ Kc7 39. Rexd8 (39. Raxd8 Bxa4 40. Rc8+ Kd6 $18) 39... Rxf5 40. Rac8+ Kb7 41. a5) 36... Rxa4 $16 37. Rxb3 Rxg3 38. Kxg3 (38. Rxa4 $14 Rxb3 39. Ra5) 38... Rxa7 $11 39. Kf4 Kd7 40. Ke5 Kc6 41. g4 c4 42. Rb8 Kc5 43. Rc8+ Kb4 44. Kf6 c3 {[%emt 0:00:52] [#]} (44... Rd7 $11 {remains equal.}) 45. g5 (45. Kg7 $1 $16) 45... Ra5 46. h4 (46. Kxf7 $2 Rxf5+ 47. Kg8 Rxg5+ 48. Kxh7 Rc5 49. Rb8+ Kc4 $19) 46... Rc5 47. Rb8+ (47. Rxc5 Kxc5 48. Ke5 c2 49. h5 c1=Q (49... c1=B 50. Kf6 $11) 50. g6 hxg6 51. fxg6 fxg6 52. hxg6 Qg5+ 53. Ke4 Qxg6+ 54. Kf4 Kd4 55. Kf3 Qg5 56. Kf2 Qg4 57. Ke1 Ke3 58. Kf1 Qg8 59. Ke1 Qg1#) 47... Kc4 48. Rb1 c2 49. Rc1 Kd3 50. Kxf7 Rxf5+ (50... Kd2 $2 51. Rxc2+ Rxc2 52. f6 $18) 51. Kg7 Rf4 52. h5 Rg4 ({Don't blunder} 52... Kd2 $2 53. Rxc2+ Kxc2 54. Kxh7 $18) 53. g6 hxg6 54. hxg6 Kd2 55. Rxc2+ Kxc2 56. Kf7 Kd3 57. g7 Ke4 58. g8=Q Rxg8 59. Kxg8 Ke5 1/2-1/2

[Event "8th Brazilian Open SESC Caioba 2024"]
[Site "Caioba"]
[Date "2024.06.27"]
[Round "6.7"]
[White "Rodrigues, Edgar"]
[Black "Acosta, Pablo Ismael"]
[Result "1-0"]
[ECO "C11"]
[WhiteElo "2229"]
[BlackElo "2449"]
[Annotator "TA"]
[PlyCount "109"]
[EventDate "2024.06.15"]
[EventCountry "BRA"]
[SourceTitle "playchess.com"]
[Source "ChessBase"]
[SourceQuality "1"]
[TimeControl "5400+30"]

1. e4 e6 2. d4 d5 3. Nc3 Nf6 4. e5 Nfd7 5. Nce2 c5 6. c3 Nc6 7. f4 Be7 8. Nf3 f6 {[%emt 0:01:04] C11: French: Classical System: 4 e5 and 4 Bg5 dxe4.} 9. a3 a5 10. h4 $146 ({Predecessor:} 10. g3 O-O 11. Bh3 Nb6 12. exf6 gxf6 13. O-O a4 14. f5 e5 15. Bh6 Rf7 16. Qc1 cxd4 17. cxd4 {1-0 Marek,M (2381)-Urazayev,A (2377) Wch U18 Khanty-Mansiysk 2016 (11)}) 10... a4 11. Rh3 Nb6 (11... O-O $15) 12. dxc5 Bxc5 13. Ned4 Qe7 14. Be3 Na5 15. Nd2 Bd7 16. exf6 gxf6 17. Qh5+ Qf7 18. Ne4 Be7 19. Ng3 (19. Be2 $1 $11 {remains equal.} Qxh5 (19... dxe4 20. f5 $11) 20. Bxh5+ Kd8 (20... Kf8 $2 21. f5 $18) 21. Nc6+ (21. Nxe6+ Bxe6 22. Bxb6+ Kc8 $16) 21... Bxc6 22. Bxb6+ Kc8 (22... Kd7 23. O-O-O $15) 23. Nd2) 19... Nbc4 $17 20. Bc1 (20. Qf3 $17 {was called for.}) 20... Qxh5 $19 21. Nxh5 e5 (21... Rg8 $1 $19 {And now ...e5 would win.} 22. Nc2 Nb3) 22. Nf5 $17 Nb3 23. Bxc4 (23. Rb1 $17) 23... dxc4 $19 (23... Nxa1 24. Nhg7+ Kd8 25. Bxd5 $11) 24. Rb1 Rg8 (24... Bxf5 25. Ng7+ Kd7 26. Nxf5 $15) (24... Ra5 $19 {White must now prevent ...exf4.} 25. Re3 Rg8 (25... Bxf5 26. Ng7+ Kd7 27. Nxf5 $17) 26. fxe5 Bxf5 27. exf6 Bxb1 28. Rxe7+ Kd8) 25. Rg3 $17 Rg6 26. Nxe7 Kxe7 27. Rxg6 hxg6 28. Ng3 Nc5 29. fxe5 Nd3+ (29... fxe5 30. Be3 Nd3+ 31. Kd2 $17) 30. Kf1 fxe5 (30... Nxe5 $17 31. Bf4 Nd3) 31. Bg5+ Ke6 32. Kg1 Kd5 33. Rd1 Bg4 34. Rd2 Rf8 35. Nf1 Be6 36. Ne3+ Kc6 37. Nd1 Bf5 38. Nf2 Nc1 39. Nd1 Rf7 40. Rf2 Nd3 41. Rd2 Nc5 42. Nf2 Bd3 43. Be3 e4 (43... Rf8 $11) 44. Kh2 Ne6 45. Ng4 Rf5 46. Rf2 Kd6 47. Nh6 Rh5 (47... Rxf2 $14 48. Bxf2 Nd8) 48. Kg3 $16 Rb5 {[%emt 0:00:26] [#]} 49. Nf7+ $1 Kd7 {[%emt 0:00:39] [#]} (49... Ke7 $16) 50. Nh8 $1 $18 g5 $2 (50... Nc7) 51. h5 $18 Ke8 52. Nf7 Ke7 53. h6 Nf8 54. Nd6 (54. Bxg5+ Kd7 55. Be3 Nh7 $18) 54... Ra5 (54... Re5 $142 55. Rxf8 (55. Nxb7 Nh7 $18) (55. Nf7 Re6 $18) 55... Kxf8) 55. Rf7+ 1-0

[Event "8th Brazilian Open SESC Caioba 2024"]
[Site "Caioba"]
[Date "2024.06.27"]
[Round "6.8"]
[White "Cubas, Jose Fernando"]
[Black "Rodi, Luis Ernesto"]
[Result "1/2-1/2"]
[ECO "C41"]
[WhiteElo "2417"]
[BlackElo "2208"]
[Annotator "RC"]
[PlyCount "96"]
[EventDate "2024.06.15"]
[EventCountry "BRA"]
[SourceTitle "playchess.com"]
[Source "ChessBase"]
[SourceQuality "1"]
[TimeControl "5400+30"]

1. e4 d6 2. d4 Nf6 3. Nc3 e5 4. Nf3 Nbd7 5. Bc4 Be7 6. O-O O-O 7. Re1 c6 8. a4 b6 9. Ba2 a6 10. Nh4 exd4 11. Qxd4 Nc5 12. Nf3 Be6 13. Bxe6 Nxe6 14. Qc4 Qc8 15. Nd4 Nc5 16. b4 b5 17. Qa2 Ne6 18. Nf5 Qb7 19. Nxe7+ Qxe7 20. axb5 axb5 21. Qxa8 Rxa8 22. Rxa8+ Nf8 23. Bf4 Nh5 24. Be3 h6 25. Rea1 Kh7 26. R1a6 Nf6 27. Rxc6 Nxe4 28. Nxe4 Qxe4 29. Rcc8 Qxb4 30. h4 Ne6 31. h5 g6 32. Ra7 Kg7 33. Re8 Kf6 34. Ree7 Ng5 35. hxg6 fxg6 36. Red7 Kf5 37. Ra6 Ne4 38. Rf7+ Ke6 39. Rg7 Qe1+ 40. Kh2 Nxf2 41. Rxg6+ Kf5 42. Bxf2 Qxf2 43. Rgxd6 Qh4+ 44. Kg1 Qe1+ 45. Kh2 Qh4+ 46. Kg1 Qe1+ 47. Kh2 Qh4+ 48. Kg1 Qe1+ 1/2-1/2

[Event "8th Brazilian Open SESC Caioba 2024"]
[Site "Caioba"]
[Date "2024.06.27"]
[Round "6.9"]
[White "Aranha Filho, Alvaro Z."]
[Black "Sunye Neto, Jaime"]
[Result "1/2-1/2"]
[ECO "E18"]
[WhiteElo "2200"]
[BlackElo "2398"]
[Annotator "RC"]
[PlyCount "25"]
[EventDate "2024.06.15"]
[EventCountry "BRA"]
[SourceTitle "playchess.com"]
[Source "ChessBase"]
[SourceQuality "1"]
[TimeControl "5400+30"]

1. d4 Nf6 2. c4 e6 3. Nf3 b6 4. g3 Bb7 5. Bg2 d5 6. cxd5 exd5 7. O-O Be7 8. Nc3 O-O 9. Ne5 Na6 10. Bg5 h6 11. Bxf6 Bxf6 12. f4 c6 13. e4 1/2-1/2

[Event "8th Brazilian Open SESC Caioba 2024"]
[Site "Caioba"]
[Date "2024.06.27"]
[Round "6.10"]
[White "Rodriguez Vila, Andres"]
[Black "Duarte Napoles, Fanny"]
[Result "0-1"]
[ECO "B13"]
[WhiteElo "2396"]
[BlackElo "2202"]
[Annotator "RC"]
[PlyCount "82"]
[EventDate "2024.06.15"]
[EventCountry "BRA"]
[SourceTitle "playchess.com"]
[Source "ChessBase"]
[SourceQuality "1"]
[TimeControl "5400+30"]

1. d4 d5 2. Nc3 Nf6 3. Bf4 c5 4. e3 cxd4 5. exd4 Bg4 6. f3 Bd7 7. Bd3 e6 8. Nge2 a6 9. a3 Nc6 10. Qd2 Rc8 11. O-O Na5 12. b3 b5 13. a4 Bb4 14. axb5 axb5 15. Qe1 Nc4 16. Qb1 Be7 17. bxc4 bxc4 18. Bxh7 Nxh7 19. Nb5 O-O 20. Na7 Ra8 21. Qb7 Nf6 22. Rfb1 Nh5 23. Bc7 Qe8 24. Rb6 Ba4 25. Ra2 e5 26. dxe5 Bc5+ 27. Kf1 d4 28. Qd5 Bxb6 29. Bxb6 d3 30. cxd3 cxd3 31. Qxd3 Nf4 32. Qc4 Nxe2 33. Rxa4 Nc3 34. Ra1 Nb5 35. f4 Qd7 36. Qa4 Qd3+ 37. Kf2 Nxa7 38. Bxa7 Rfc8 39. Qa3 Rc2+ 40. Kg1 Qd2 41. Qf3 Rxa7 0-1

[Event "8th Brazilian Open SESC Caioba 2024"]
[Site "Caioba"]
[Date "2024.06.27"]
[Round "6.11"]
[White "Nemeth Junior, Henrique"]
[Black "Schnaider, Ilan"]
[Result "1-0"]
[ECO "B87"]
[WhiteElo "2191"]
[BlackElo "2395"]
[Annotator "RC"]
[PlyCount "141"]
[EventDate "2024.06.15"]
[EventCountry "BRA"]
[SourceTitle "playchess.com"]
[Source "ChessBase"]
[SourceQuality "1"]
[TimeControl "5400+30"]

1. e4 c5 2. Nf3 d6 3. d4 cxd4 4. Nxd4 Nf6 5. Nc3 a6 6. Bc4 e6 7. Bb3 b5 8. Bg5 Be7 9. Qf3 Qc7 10. O-O-O O-O 11. e5 dxe5 12. Bxf6 Bxf6 13. Nxe6 fxe6 14. Qxa8 b4 15. Na4 Nc6 16. Nc5 Be7 17. Nxe6 Bxe6 18. Bxe6+ Kh8 19. Qxa6 Nd4 20. Bb3 Rxf2 21. Qa8+ Rf8 22. Qd5 Bf6 23. Kb1 Rc8 24. Rhe1 h6 25. Qe4 Qa7 26. Qd5 Rd8 27. Qf7 Qa8 28. Rf1 Rf8 29. Qd5 Qa6 30. Bc4 Qa4 31. Qe4 Ra8 32. Rxf6 gxf6 33. Qg6 Qd7 34. Qxh6+ Qh7 35. Qxf6+ Qg7 36. Qh4+ Qh7 37. Qxh7+ Kxh7 38. Bd3+ Kg7 39. Rf1 Re8 40. Be4 Rh8 41. h3 Rh4 42. Bd5 Rh8 43. c3 bxc3 44. bxc3 Rb8+ 45. Bb3 Ne2 46. Kb2 Rd8 47. Rd1 Rf8 48. Rd2 Ng3 49. Bd5 e4 50. Rd4 Re8 51. Kc2 Re5 52. c4 Kf6 53. a4 Re7 54. a5 Ke5 55. Rd1 e3 56. Re1 Kd4 57. a6 e2 58. Bb7 Ke3 59. a7 Kf2 60. Rxe2+ Rxe2+ 61. Kb3 Re8 62. a8=Q Rxa8 63. Bxa8 Nf5 64. c5 Ne7 65. Kc4 Kg3 66. Bf3 Nf5 67. c6 Ne7 68. Kc5 Nc8 69. c7 Ne7 70. Kd6 Nc8+ 71. Kd7 1-0

[Event "8th Brazilian Open SESC Caioba 2024"]
[Site "Caioba"]
[Date "2024.06.27"]
[Round "6.12"]
[White "Perdomo, Leandro"]
[Black "Nogueira, Ivan Kuhlmann"]
[Result "1-0"]
[ECO "A50"]
[WhiteElo "2391"]
[BlackElo "2184"]
[Annotator "RC"]
[PlyCount "77"]
[EventDate "2024.06.15"]
[EventCountry "BRA"]
[SourceTitle "playchess.com"]
[Source "ChessBase"]
[SourceQuality "1"]
[TimeControl "5400+30"]

1. d4 Nf6 2. c4 b6 3. f3 Nc6 4. Nc3 e5 5. d5 Ne7 6. e3 Ng6 7. Nh3 Bc5 8. a3 a5 9. Rb1 c6 10. d6 a4 11. Nxa4 Rxa4 12. Qxa4 Bxd6 13. Be2 O-O 14. O-O Ne7 15. Nf2 Bc7 16. Bd2 d5 17. cxd5 cxd5 18. Rbc1 Be6 19. Bb4 Bd6 20. Bxd6 Qxd6 21. Qb4 Qd8 22. Bd3 d4 23. e4 Nd7 24. Bc4 Nc5 25. Bxe6 fxe6 26. Qc4 Qd7 27. Nd3 Rc8 28. Nxe5 Qd6 29. Nd3 Rc6 30. Nb4 Rc8 31. Rcd1 Rd8 32. Nd3 g6 33. Nxc5 bxc5 34. b4 cxb4 35. axb4 Kf7 36. f4 Ke8 37. Qc5 Qxc5 38. bxc5 e5 39. g3 1-0

[Event "8th Brazilian Open SESC Caioba 2024"]
[Site "Caioba"]
[Date "2024.06.27"]
[Round "6.13"]
[White "Amura, Claudia"]
[Black "Cori T., Deysi"]
[Result "1/2-1/2"]
[ECO "A40"]
[WhiteElo "2167"]
[BlackElo "2389"]
[Annotator "RC"]
[PlyCount "131"]
[EventDate "2024.06.15"]
[EventCountry "BRA"]
[SourceTitle "playchess.com"]
[Source "ChessBase"]
[SourceQuality "1"]
[TimeControl "5400+30"]

1. d4 e6 2. Bf4 b6 3. e3 Bb7 4. Nf3 g6 5. h4 Nf6 6. Nbd2 Bg7 7. c3 d6 8. Bb5+ Nbd7 9. Qe2 a6 10. Ba4 Qe7 11. Bg5 h6 12. Bxf6 Bxf6 13. h5 g5 14. g4 Bg7 15. Bc2 c5 16. Be4 Nf6 17. Bxb7 Qxb7 18. Rg1 Nd5 19. Ne4 Rd8 20. Nfd2 Ke7 21. Ng3 cxd4 22. exd4 Nf4 23. Qc4 b5 24. Qb3 Rc8 25. Kf1 Qd5 26. Ne2 Nd3 27. Qxd5 exd5 28. Rb1 Nf4 29. Ng3 Kd7 30. Nf5 Bf6 31. Rg3 b4 32. Re3 Rc7 33. Nb3 bxc3 34. Rxc3 Rxc3 35. bxc3 Rc8 36. Rc1 Nd3 37. Rc2 Nb4 38. Re2 Rxc3 39. Nxh6 a5 40. Nxa5 Nd3 41. Nb3 Nf4 42. Rd2 Rh3 43. Kg1 Ke6 44. Nf5 Rc3 45. Ne3 Bd8 46. Kh2 Kf6 47. Kg3 Bb6 48. Rc2 Rd3 49. Rc6 Bxd4 50. Nxd4 Rxd4 51. Rxd6+ Ke5 52. Ra6 Rb4 53. h6 Rb1 54. Kf3 Rh1 55. Nf5 Rh3+ 56. Ng3 f6 57. Ra8 Rxh6 58. Re8+ Ne6 59. Nf5 Rh3+ 60. Kg2 Rh7 61. Re7 Rxe7 62. Nxe7 d4 63. Kf3 Nc5 64. a3 Na4 65. Ke2 Nc5 66. f3 1/2-1/2

[Event "8th Brazilian Open SESC Caioba 2024"]
[Site "Caioba"]
[Date "2024.06.27"]
[Round "6.14"]
[White "Matsuura, Everaldo"]
[Black "Starke, Bruno Orlando"]
[Result "1-0"]
[ECO "E09"]
[WhiteElo "2380"]
[BlackElo "2165"]
[Annotator "RC"]
[PlyCount "43"]
[EventDate "2024.06.15"]
[EventCountry "BRA"]
[SourceTitle "playchess.com"]
[Source "ChessBase"]
[SourceQuality "1"]
[TimeControl "5400+30"]

1. d4 d5 2. c4 e6 3. Nf3 c6 4. Qc2 Nf6 5. g3 Be7 6. Bg2 O-O 7. O-O b6 8. Nbd2 Ba6 9. b3 Nbd7 10. e4 Rc8 11. Bb2 c5 12. exd5 exd5 13. Rfe1 cxd4 14. Nxd4 g6 15. Rad1 b5 16. Bh3 Bb4 17. a3 Bd6 18. Nf5 gxf5 19. Qxf5 h6 20. Re6 fxe6 21. Qg6+ Kh8 22. Qxh6+ 1-0

[Event "8th Brazilian Open SESC Caioba 2024"]
[Site "Caioba"]
[Date "2024.06.27"]
[Round "6.15"]
[White "Bueno, Alfeu Junior Varela"]
[Black "Umetsubo, Cesar Hidemitsu"]
[Result "0-1"]
[ECO "C54"]
[WhiteElo "2140"]
[BlackElo "2362"]
[Annotator "RC"]
[PlyCount "132"]
[EventDate "2024.06.15"]
[EventCountry "BRA"]
[SourceTitle "playchess.com"]
[Source "ChessBase"]
[SourceQuality "1"]
[TimeControl "5400+30"]

1. e4 e5 2. Nf3 Nc6 3. Bc4 Bc5 4. c3 Nf6 5. d3 a6 6. O-O Ba7 7. a4 O-O 8. Bg5 h6 9. Bh4 d6 10. Nbd2 Qe7 11. h3 g5 12. Nxg5 hxg5 13. Bxg5 Kg7 14. Kh1 Rh8 15. Qf3 Be6 16. Bd5 Rh7 17. d4 Rah8 18. Bxe6 fxe6 19. d5 exd5 20. exd5 Nb8 21. Ne4 Nbd7 22. Qf5 Qf7 23. f4 Qg6 24. Bxf6+ Nxf6 25. Qxg6+ Kxg6 26. Ng5 Re7 27. c4 Nh5 28. Rf3 Nxf4 29. Ne4 Rg7 30. Re1 Kh6 31. g3 Nxh3 32. Kg2 Nf4+ 33. Rxf4 exf4 34. Rh1+ Kg6 35. Rxh8 Bd4 36. gxf4 Re7 37. f5+ Kxf5 38. Ng3+ Kg6 39. Rg8+ Kf6 40. Rf8+ Kg6 41. Rg8+ Kf7 42. Rb8 b6 43. Nf5 Re2+ 44. Kf3 Rf2+ 45. Ke4 Be5 46. Ne3 Ke7 47. b3 Rb2 48. c5 bxc5 49. Nc4 Rh2 50. Rb7 Kd8 51. Na5 Rh4+ 52. Ke3 Rh3+ 53. Ke4 Rh4+ 54. Ke3 Kc8 55. Ra7 Rd4 56. Ra8+ Kd7 57. Rxa6 Rxd5 58. Nc4 Bd4+ 59. Ke2 Rh5 60. Ra8 d5 61. Na3 Rh2+ 62. Kd1 Rb2 63. Rb8 c4 64. Rb5 c6 65. Rb7+ Kc8 66. Rf7 cxb3 0-1